 Dungeon Crawl Stone Soup version 0.30-a0-862-g1aabd4f9c5 (webtiles) character file.

Game seed: 15754779117726990593

494 jasper the Slasher (level 6, -10/70 HPs)
             Began as a Demonspawn Fighter on Mar 9, 2023.
             Was a Follower of Trog.
             Mangled by a gnoll
             ... wielding a +1 halberd of protection
              (11 damage)
             ... on level 5 of the Dungeon.
             The game lasted 00:08:06 (4667 turns).

jasper the Slasher (Demonspawn Fighter)             Turns: 4667, Time: 00:08:06

Health: -10/70     AC: 10    Str: 16    XL:     6   Next: 92%
Magic:  6/6        EV:  6    Int: 10    God:    Trog [*.....]
Gold:   235        SH:  0    Dex: 14    Spells: 5/5 levels left

rFire   . . .      SeeInvis .    x - +5 woodcutter's axe
rCold   . . .      Faith    .    (shield currently unavailable)
rNeg    . . .      Spirit   .    m - +0 chain mail
rPois   .          Reflect  .    (no helmet)
rElec   .          Rampage  .    o - +0 cloak
rCorr   .                        (no gloves)
Will    .....                    (no boots) Stlth
                                 (no amulet)
HPRegen 0.31/turn                (no ring)
MPRegen 0.10/turn                (no ring)

@: berserking, weakened, very quick
A: demonic magic 1
a: Renounce Religion, Berserk


You were on level 5 of the Dungeon.
You worshipped Trog.
Trog was aware of your devotion.
You visited 2 branches of the dungeon, and saw 6 of its levels.

You collected 235 gold pieces.

Inventory:

Hand Weapons
 a - a +0 long sword
 x - the +5 woodcutter's axe (weapon)
   (You took it off a gnoll on level 5 of the Dungeon)
Missiles
 d - a silver boomerang
 k - 7 stones (quivered)
 q - 4 throwing nets
Armour
 b - a +0 scale mail
 c - a +0 buckler
 m - a +0 chain mail (worn)
 o - a +0 cloak (worn)
Scrolls
 e - 3 scrolls of teleportation
 f - a scroll of noise
 g - a scroll of fog
 s - a scroll of brand weapon {unknown}
 t - a scroll of enchant armour {unknown}
 u - a scroll of vulnerability
 w - a scroll of blinking {unknown}
Potions
 h - 2 potions of heal wounds {unknown}
 i - a potion of flight
 j - 3 potions of attraction {unknown}
 l - 5 potions of curing {unknown}
 n - 4 potions of brilliance {unknown}
 p - a potion of degeneration {unknown}
 r - a potion of mutation {unknown}
 v - a potion of haste {unknown}


   Skills:
 + Level 3.1 Fighting
 * Level 6.0 Long Blades
 + Level 2.8 Armour
 - Level 4.0 Shields


You had 5 spell levels left.
You didn't know any spells.
Your spell library contained the following spells:

 Spells                   Type           Power      Damage    Failure   Level
 Freeze                   Ice            0%         1d3       100%        1
 Frozen Ramparts          Ice            0%         1d1       100%        3
 Hailstorm                Conj/Ice       0%         3d3       100%        3


Dungeon Overview and Level Annotations

Branches:
Dungeon (5/15)             Temple (1/1) D:4

Altars:
Ashenzari
Cheibriados
Fedhas
Gozag
Nemelex Xobeh
Okawaru
Trog
Uskayaw
Wu Jian
Xom

Annotations:
D:2 Sigmund


Innate Abilities, Weirdness & Mutations

Spells you cast may paralyse adjacent enemies.


Message History

You feel as though you will be weak longer.
The gnoll bouda barely misses you.
You now have 41/70 hp.
The gnoll sergeant blocks your attack.
You barely miss the gnoll bouda. The gnoll hits you but does no damage.
The gnoll sergeant hits you with a +3 heavy spear!!
The gnoll bouda hits you with a +0 whip.
You take 19 damage, and have 22/70 hp.
MASSIVE DAMAGE!!
You slash the gnoll sergeant!
The gnoll sergeant is severely wounded.
You hit the gnoll bouda but do no damage.
The gnoll hits you from afar with a +1 halberd of protection.
* * * LOW HITPOINT WARNING * * *
The gnoll bouda completely misses you.
The gnoll sergeant hits you with a +3 heavy spear.
* * * LOW HITPOINT WARNING * * *
You take 7 damage, and have 15/70 hp.
You barely miss the gnoll sergeant.
The gnoll sergeant is severely wounded.
You hit the gnoll bouda. The gnoll hits you but does no damage.
The gnoll bouda gazes fiercely through you!
You feel as though you will be weak longer.
The gnoll bouda hits you with a +0 whip.
* * * LOW HITPOINT WARNING * * *
You take 3 damage, and have 12/70 hp.
The gnoll sergeant blocks your attack.
The gnoll sergeant is severely wounded.
You barely miss the gnoll bouda.
The gnoll is no longer moving quickly.
The gnoll hits you but does no damage.
The gnoll sergeant hits you with a +3 heavy spear!
* * * LOW HITPOINT WARNING * * *
The gnoll bouda hits you with a +0 whip.
* * * LOW HITPOINT WARNING * * *
You take 11 damage, and have 1/70 hp.
You hit the gnoll sergeant.
The gnoll sergeant is almost dead.
You hit the gnoll bouda.
The gnoll sergeant is no longer moving quickly.
The gnoll hits you from afar with a +1 halberd of protection!
You die...

#.#)###.####..##.## #.#)#
#.# #..##...
#.#)###.####..##..# ♣♣
#..........#..##..# ...
###..##....)....... #..♣♣
#..##.##.#..#.#.# #..).♣♣♣
#..##.##.#..#.#.#
g#.♣....♣♣#).##...#........
.'......gg@).###.###.....:.
.#..♣..)♣♣#g......#...#####
.#....♣♣♣###.#####.##...)).
#..♣♣ #...# ########## ..)
##### ♣♣


You could see a gnoll sergeant, a gnoll bouda and a gnoll.

Vanquished Creatures
  An ogre (D:5)
  A scorpion (D:5)
  A gnoll bouda (D:4)
  A hound (D:5)
  An orc wizard (D:3)
  13 gnolls
  3 adders
  An ufetubus (D:5)
  3 dart slugs
  19 orcs
  4 ball pythons
  3 bats
  5 endoplasms
  4 giant cockroaches
  8 goblins
  7 hobgoblins
  5 quokkas
  2 frilled lizards
  6 kobolds
  4 rats
92 creatures vanquished.

Vanquished Creatures (others)
  3 plants (D:4)
3 creatures vanquished.

Grand Total: 95 creatures vanquished

Notes
Turn   | Place    | Note
-------+----------+-------------------------------------------
     0 | D:1      | jasper the Demonspawn Fighter began the quest for the Orb.
     0 | D:1      | Reached XP level 1. HP: 18/18 MP: 1/1
    37 | D:1      | Reached skill level 2 in Long Blades
   216 | D:1      | Gained mutation: Spells you cast may paralyse adjacent
                  | enemies. [demonic ancestry]
   216 | D:1      | Reached XP level 2. HP: 21/24 MP: 2/2
  1315 | D:2      | Noticed Sigmund
  1451 | D:3      | Reached XP level 3. HP: 28/29 MP: 3/3
  1648 | D:3      | Reached skill level 3 in Long Blades
  1730 | D:3      | Found a bloodstained altar of Trog.
  1730 | D:3      | Found a broken altar of Ashenzari.
  1730 | D:3      | Found a sparkling altar of Nemelex Xobeh.
  1757 | D:3      | Found an ornate altar of the Wu Jian Council.
  1766 | D:3      | Found a shimmering altar of Xom.
  1773 | D:3      | Found a blossoming altar of Fedhas.
  1775 | D:3      | Found a snail-covered altar of Cheibriados.
  1802 | D:3      | Became a worshipper of Trog the Wrathful
  1890 | D:3      | Reached XP level 4. HP: 35/35 MP: 4/4
  2747 | D:4      | Found an iron altar of Okawaru.
  2844 | D:4      | Reached skill level 4 in Long Blades
  3013 | D:4      | Reached XP level 5. HP: 41/41 MP: 5/5
  3035 | D:4      | Found a staircase to the Ecumenical Temple.
  3047 | Temple   | Entered the Ecumenical Temple
  3184 | D:4      | Reached * piety under Trog
  3477 | D:5      | Entered Level 5 of the Dungeon
  3731 | D:5      | Noticed an ogre
  3737 | D:5      | Killed an ogre
  3738 | D:5      | Reached skill level 5 in Long Blades
  3738 | D:5      | Reached XP level 6. HP: 47/47 MP: 6/6
  4391 | D:5      | Reached skill level 6 in Long Blades
  4666 | D:5      | HP: 3/70 [gnoll sergeant/+3 heavy spear (9)]
  4666 | D:5      | HP: 1/70 [gnoll bouda/+0 whip (2)]
  4667 | D:5      | Mangled by a gnoll

Illustrated notes

Levels and vault maps discovered:
D:1:      amcnicky_arrival_blooded_trapdoor, layout_basic
D:2:      layout_basic, ebering_ecumenical_altar_sacrificial, minmay_domino_4,
          uniq_sigmund
D:3:      layout_basic, nicolae_overflow_hallway_of_the_gods
D:4:      corexii_shack_village, layout_cave_pools, kennysheep_little_box,
          minmay_temple_entry_offerings
D:5:      layout_loops_ring, pf_guarded_unrand_woodcutter
Temple:   nicolae_temple_ecumenical_triangle

Skill      XL: |  1  2  3  4  5  6 |
---------------+-------------------+-----
Long Blades    | 2 3 4 5 6 |  6.0
Shields        | 3 4 |  4.0
Fighting       | |  3.1
Armour         | |  2.8

Action                     |  1- 3 |  4- 6 || total
---------------------------+-------+-------++-------
  Melee: Long sword        |   108 |   195 ||   303
         Battleaxe         |       |    19 ||    19
  Throw: Stone             |     1 |     6 ||     7
 Invoke: Berserk           |       |     4 ||     4
    Use: Scroll            |     7 |     6 ||    13
         Potion            |     1 |     2 ||     3
 Armour: Scale mail        |    47 |    24 ||    71
         Skin              |       |     3 ||     3
         Chain mail        |       |    72 ||    72
  Dodge: Dodged            |    37 |    62 ||    99
  Block: Buckler           |    26 |    58 ||    84

Table legend: (Time is in decaauts)
 A = Elapsed time spent in this place.
 B = Non-inter-level travel time spent in this place.
 C = Inter-level travel time spent in this place.
 D = Time resting spent in this place.
 E = Time spent auto-exploring this place.
 F = Levels seen in this place.
 G = Mean time per level.
                   A        B        C        D        E       F      G
               +--------+--------+--------+--------+--------+-----+--------+
         Total |   4785 |   4484 |    301 |    902 |   2537 |   6 |  797.5 |
       Dungeon |   4749 |   4448 |    301 |    879 |   2537 |   5 |  949.8 |
        Temple |     35 |     35 |      0 |     23 |      0 |   1 |   35.0 |
               +--------+--------+--------+--------+--------+-----+--------+

Top non-repeatable levels by time:
     D:5: 1192 daAuts
     D:3: 1152 daAuts
     D:4: 987 daAuts
     D:1: 939 daAuts
     D:2: 478 daAuts
  Temple: 35 daAuts
